 Dungeon Crawl Stone Soup version 0.29-a0-284-gf9362112df (webtiles) character file.

Game seed: 15261092482972814441

58 Oblizorion the Covered (level 4, 0/29 HPs)
             Began as a Gargoyle Fighter on Mar 15, 2022.
             Slain by Sigmund
             ... wielding a +3 scythe of flaming
              (5 damage)
             ... on level 2 of the Dungeon.
             The game lasted 00:12:27 (1530 turns).

Oblizorion the Covered (Gargoyle Fighter)           Turns: 1530, Time: 00:12:28

Health: 0/29       AC: 15    Str: 19    XL:     4   Next: 2%
Magic:  4/4        EV: 10    Int:  9    God:
Gold:   135        SH:  4    Dex: 11    Spells: 3/3 levels left

rFire   . . .      SeeInvis .   q - +0 mace (vorpal)
rCold   . . .      Faith    .   c - +0 buckler
rNeg    + . .      Spirit   .   u - +4 ring mail of the Shrieking God {rPois Will++}
rPois   ∞          Reflect  .   (no helmet)
rElec   +          Harm     .   (no cloak)
rCorr   .          Rampage  .   f - +0 pair of gloves
Will    ++...                   k - +0 pair of boots
Stlth   +.........              (no amulet)
HPRegen 0.09/turn               (no ring)
MPRegen 0.09/turn               (no ring)

@: no status effects
A: sickness immunity, AC +3, negative energy resistance 1, electricity
resistance, torment resistance 1, petrification resistance
a: no special abilities


You were on level 2 of the Dungeon.
You visited 1 branch of the dungeon, and saw 2 of its levels.

You collected 219 gold pieces.
You spent 84 gold pieces at shops.

Inventory:

Hand Weapons
 p - a +1 whip of electrocution
 q - a +0 vorpal mace (weapon)
Missiles
 r - 3 poisoned darts (quivered)
 s - 2 atropa-tipped darts
Armour
 c - a +0 buckler (worn)
 f - a +0 pair of gloves (worn)
 k - a +0 pair of boots (worn)
 o - the +1 leather armour "Teacvur" {*Slow rPois rF+ rN+}
   (You found it on level 2 of the Dungeon)

   rF:        It protects you from fire.
   rPois:     It protects you from poison.
   rN:        It protects you from negative energy.
   *Slow:     It may slow you when you take damage.
 u - the +4 ring mail of the Shrieking God (worn) {rPois Will++}
   (You found it on level 2 of the Dungeon)

   rPois:     It protects you from poison.
   Will:      It greatly increases your willpower.
Jewellery
 l - an amulet of reflection
Scrolls
 g - 3 scrolls of identify {unknown}
 h - 2 scrolls of enchant weapon {unknown}
 i - a scroll of holy word {unknown}
 j - 2 scrolls of teleportation {unknown}
 n - a scroll of brand weapon {unknown}
Potions
 d - 3 potions of might
 e - a potion of curing {unknown}
 m - a potion of lignification {unknown}
 t - a potion of attraction {unknown}


   Skills:
 + Level 3.7 Fighting
 + Level 2.7 Maces & Flails
 + Level 4.0 Armour
 + Level 0.2 Dodging
 + Level 3.7 Shields


You had 3 spell levels left.
You didn't know any spells.
Your spell library was empty.

Dungeon Overview and Level Annotations

Branches:
Dungeon (2/15)

Altars:

Shops:
D:2 (*([=

Annotations:
D:2 Sigmund


Innate Abilities, Weirdness & Mutations

You are immune to sickness and miasma.
Your stone body is resilient. (AC +3)
You are immune to poison.
You resist negative energy. (rN+)
You are resistant to electric shocks. (rElec)
You are resistant to unholy torment.
You are immune to petrification.


Message History

You sock the adder!
You kill the adder!
The kobold hits you with a +0 club.
You have reached level 4!
You feel clever.
You thump the kobold!
You kill the kobold!
You start resting.
HP restored.
Things that are here:
a +0 club; 5 stones; a kobold corpse You see here an adder corpse.
Things that are here:
a +0 club; 5 stones; a kobold corpse
Found a stone staircase leading down.
There is a stone staircase leading down here.
Sigmund the Dreaded comes into view.
He is wielding a +3 scythe of flaming and carrying a wand of flame (9).
Sigmund gestures at you while chanting. The magic dart hits you!
You hit Sigmund.
Sigmund is lightly wounded.
Sigmund hits you with a +3 scythe of flaming.
Sigmund burns you.
You hit Sigmund.
Sigmund is moderately wounded.
Sigmund barely misses you.
You hit Sigmund.
Sigmund is heavily wounded.
Sigmund casts a spell.
Sigmund flickers and vanishes!
Deactivating autopickup; reactivate with Ctrl-A.
You hit something but do no damage.
You hear a zap.
A puff of flame appears from out of thin air!
The puff of flame misses you. Something hits you but does no damage.
You closely miss something. You hit something. Something hits you!
* * * LOW HITPOINT WARNING * * *
Something burns you.
You die...

#...# ##..##########
#..##........
######..##.#######
...........#
######.#.#########
#..>.........
#.############.########.
#.....{@.......# #.
#########..##### #. #..#
#. #..# #. #... #. #.##.
#. #.# .# ## #.# #


There were no monsters in sight!

Vanquished Creatures
  A gnoll (D:2)
  An adder (D:2)
  3 ball pythons (D:1)
  5 giant cockroaches
  4 goblins (D:2)
  3 hobgoblins (D:1)
  4 jackals (D:1)
  4 kobolds (D:2)
  3 quokkas
  3 bats
  A frilled lizard (D:2)
  3 rats
35 creatures vanquished.

Vanquished Creatures (others)
  4 plants (D:1)
4 creatures vanquished.

Grand Total: 39 creatures vanquished

Notes
Turn   | Place    | Note
-------+----------+-------------------------------------------
     0 | D:1      | Oblizorion the Gargoyle Fighter began the quest for the
                  | Orb.
     0 | D:1      | Reached XP level 1. HP: 14/14 MP: 1/1
    76 | D:1      | Reached XP level 2. HP: 16/19 MP: 2/2
   376 | D:1      | Found a faded altar of an unknown god.
   718 | D:2      | Found Coxennokac's Weapon Boutique.
   811 | D:2      | Found Lalota's Assorted Antiques.
   869 | D:2      | Identified the +1 leather armour "Teacvur" {*Slow rPois rF+
                  | rN+}
   874 | D:2      | Reached XP level 3. HP: 23/23 MP: 3/3
   894 | D:2      | Found Oddyehac's Weapon Emporium.
   930 | D:2      | Bought a +0 vorpal mace for 84 gold pieces
  1044 | D:2      | Found Hinidauj's Armour Boutique.
  1077 | D:2      | Reached skill level 4 in Armour
  1166 | D:2      | Found Uhynn's Jewellery Shoppe.
  1302 | D:2      | Identified the +4 ring mail of the Shrieking God {rPois
                  | Will++}
  1374 | D:2      | Reached XP level 4. HP: 20/28 MP: 4/4
  1521 | D:2      | Noticed Sigmund
  1530 | D:2      | Slain by Sigmund

Illustrated notes

Levels and vault maps discovered:
D:1:      dpeg_arrival_rooms_a, layout_rooms, dilly_ecumenical_altar_fadedgnrine
D:2:      layout_basic, serial_shops, nicolae_shop_advertising_works
          [nicolae_subvault_shop_adworks], nicolae_shop_crystal,
          nicolae_shop_bloodbath_and_beyond, shop_coins, nicolae_diamond_shop,
          minmay_pentomino_w2, uniq_sigmund

Skill      XL: |  1  2  3 |
---------------+----------+-----
Armour         | 4 |  4.0
Fighting       | |  3.7
Maces & Flails | |  2.7
Dodging        | |  0.2
Shields        | |  3.7

Action                   |  1- 3 |  4- 6 || total
-------------------------+-------+-------++-------
Melee: Flail             |    84 |       ||    84
       Mace              |    46 |     7 ||    53
Armor: Scale mail        |    36 |       ||    36
       Leather armour    |    22 |       ||    22
       Ring mail         |     8 |     1 ||     9
Dodge: Dodged            |    80 |     2 ||    82
Block: Buckler           |    35 |       ||    35

Table legend: (Time is in decaauts)
 A = Elapsed time spent in this place.
 B = Non-inter-level travel time spent in this place.
 C = Inter-level travel time spent in this place.
 D = Time resting spent in this place.
 E = Time spent auto-exploring this place.
 F = Levels seen in this place.
 G = Mean time per level.
                   A        B        C        D        E       F      G
               +--------+--------+--------+--------+--------+-----+--------+
         Total |   1573 |   1528 |     45 |    179 |    503 |   2 |  786.5 |
       Dungeon |   1573 |   1528 |     45 |    179 |    503 |   2 |  786.5 |
               +--------+--------+--------+--------+--------+-----+--------+

Top non-repeatable levels by time:
     D:2: 842 daAuts
     D:1: 730 daAuts
